 Dungeon Crawl Stone Soup version 0.17.0-28-g6e173f8 (webtiles) character file.

32900 M4edhros the Covert (level 13, -7/66 HPs)
             Began as an Octopode Wanderer on Nov 26, 2015.
             Was an Elder of Fedhas.
             Shot with an arrow by a centaur warrior (21 damage)
             ... on level 15 of the Dungeon.
             The game lasted 00:57:04 (19578 turns).

M4edhros the Covert (Octopode Wanderer)            Turns: 19578, Time: 00:57:04

Health: -7/66      AC:  3    Str: 10    XL:     13   Next: 67%
Magic:  9/26       EV: 13    Int: 23    God:    Fedhas [****..]
Gold:   805        SH: 10    Dex: 18    Spells: 3 memorised, 22 levels left

rFire  + + .     SeeInvis .     q - +9 hunting sling (freeze)
rCold  . . .     Clarity  .     Z - +1 shield {rN+}
rNeg   + . .     SustAt   +     O - +1 hat
rPois  .         Gourm    .     (no amulet)
rElec  +         Spirit   .     d - +2 ring of intelligence
rCorr  .         Warding  .     x - ring of sustain attributes
rMut   .         Stasis   .     E - ring of protection from fire
MR     .....                    M - ring of fire
Stlth  +++++++...               V - ring of wizardry
                                Y - ring of wizardry
                                A - ring of protection from cold
                                (no ring)

@: brilliant, flying, very slightly contaminated, repel missiles, not resistant
to hostile enchantments, extremely stealthy
A: almost no armour, amphibious, 8 rings, constrict 8, tentacle spike 1, rugged
brown scales 1, camouflage 1, agile 1, breathe flames 1, frail 1, electricity
resistance, gelatinous body 1, MP-powered wands
a: Evolution, Sunlight, Growth, Reproduction, Renounce Religion, Breathe Fire


You were on level 15 of the Dungeon.
You worshipped Fedhas.
Fedhas was greatly pleased with you.
You were very hungry.

You visited 1 branch of the dungeon, and saw 15 of its levels.

You collected 1018 gold pieces.
You spent 213 gold pieces at shops.

Inventory:

Hand Weapons
 k - a +2 hunting sling of flaming
 q - a +9 hunting sling of freezing (weapon)
 t - a +2 trident of freezing
 K - a +0 blowgun
 W - a +0 trident of protection
Missiles
 f - 228 stones
 g - 167 sling bullets (quivered)
 n - 5 throwing nets
Armour
 J - the -5 buckler "Lurph" {Dex+7}
   (You found it on level 14 of the Dungeon)

   It affects your dexterity (+7).
 O - a +1 hat (worn)
 Z - a +1 shield of positive energy (worn)
Jewellery
 d - a +2 ring of intelligence (left tentacle)
 x - a ring of sustain attributes (right tentacle)
 A - a ring of protection from cold (on tentacle)
 E - a ring of protection from fire (on tentacle)
 M - a ring of fire (on tentacle)
 V - a ring of wizardry (on tentacle)
 Y - a ring of wizardry (on tentacle)
Wands
 b - a wand of digging (12)
 u - a wand of lightning (0)
 I - a wand of slowing (8)
 N - a wand of slowing (0)
 P - a wand of paralysis (5)
 R - a wand of heal wounds (4)
 U - a wand of slowing (32)
Scrolls
 j - 3 scrolls of teleportation
 o - 2 scrolls of fog
 r - a scroll of enchant armour
 v - 4 scrolls of remove curse
 w - a scroll of recharging
 y - a scroll of summoning
 B - a scroll of magic mapping
 D - a scroll of vulnerability {unknown}
 F - a scroll of blinking
Potions
 c - a potion of ambrosia
 p - a potion of resistance
 s - 2 potions of curing
 z - 2 potions of heal wounds
 C - a potion of magic
 G - a potion of haste
 L - a potion of berserk rage
 Q - a potion of lignification
 S - a potion of agility
 T - a potion of invisibility
 X - a potion of might
Books
 a - a book of Minor Magic

   Spells                             Type                      Level
   a - Magic Dart                     Conjuration                  1
   b - Blink                          Translocation                2
   c - Call Imp                       Summoning                    2
   d - Repel Missiles                 Charms/Air                   2
   e - Slow                           Hexes                        2
   f - Conjure Flame                  Conjuration/Fire             3
   g - Mephitic Cloud                 Conjuration/Poison/Air       3
Miscellaneous
 H - a phantom mirror
Comestibles
 e - 8 bread rations
 h - 2 royal jellies
 m - 29 fruits


   Skills:
 + Level 0.2 Fighting
 * Level 9.2 Slings
 + Level 5.1 Dodging
 + Level 13.3 Stealth
 * Level 4.7 Shields
 * Level 9.4 Spellcasting
 + Level 7.9 Conjurations
 - Level 1.0 Charms
   Level 1.0 Summonings
 - Level 8.2 Air Magic
 - Level 4.2 Poison Magic
 * Level 8.0 Invocations
 * Level 7.1 Evocations


You had 22 spell levels left.
You knew the following spells:

 Your Spells              Type           Power        Failure   Level  Hunger
a - Mephitic Cloud        Conj/Pois/Air  ######..     1%          3    None
b - Repel Missiles        Chrm/Air       #####.       1%          2    None
c - Conjure Flame         Conj/Fire      ######..     1%          3    None


Dungeon Overview and Level Annotations

Branches:
Dungeon (15/15)            Temple (0/1) D:7            Lair (0/8) D:9
    Orc (0/4) D:9          Vaults (0/5) D:13
 Depths: D:15

Altars:
Ashenzari
Cheibriados
Dithmenos
Fedhas
Gozag
Ru
Vehumet
Zin

Shops:
D:4 ?   D:12 ?


Innate Abilities, Weirdness & Mutations

You cannot wear most types of armour.
You are amphibious.
You can wear up to eight rings at the same time.
You can use your tentacles to constrict eight enemies at once.
Your skin changes colour to match your surroundings (Stealth).
Your rubbery body absorbs attacks (AC +1).
One of your tentacles bears a spike.
You are partially covered in rugged brown scales (AC +1, +3% HP).
You are agile. (Dex +2)
You can breathe flames.
You are frail (-10% HP).
You are resistant to electric shocks.
You expend magic power (3 MP) to strengthen your wands.


Message History

Firing (i - inventory. (,) - cycle):
g - 168 sling bullets (quivered)
Press: ? - help, Shift-Dir - straight line, f/p - eight-headed hydra
Aim: an eight-headed hydra (almost dead, slow, confused)
You shoot a sling bullet.
The sling bullet hits the eight-headed hydra!
The sling bullet freezes the eight-headed hydra.
You kill the eight-headed hydra!
Your Invocations skill increases to level 8!
The centaur skeleton hits you.
* * * LOW HITPOINT WARNING * * *
Unknown command.
The centaur warrior seems less confused.
The centaur warrior wields an uncursed longbow.
The centaur warrior shoots an arrow.
The arrow is repelled.
The arrow barely misses the wasp.
The wasp buzzes around in tight circles.
The centaur shoots an arrow.
You block the arrow.
The centaur warrior shoots an arrow.
The arrow hits you!!
You die...
Fedhas appreciates your contribution to the ecosystem.

#.f)c....).
########f)........
#..#.§..#((.).....
#..#....(#c.......
#..##.§§§§##.c....
#...#§§§§.##.#####
#...#..§§.......
#.......Z§#...
##.....y@.# ...
#...(...(######
#.......f(.....
#......<.......
#.......f......
#..............
#...###########
#...# #...#


You could see a centaur warrior, a wasp (confused), a centaur, a centaur
skeleton and 2 friendly wandering mushrooms.

Vanquished Creatures
  Snorg (D:14)
  A hydra (D:15)
  A tengu warrior (D:14)
  A centaur warrior (D:13)
  2 unseen horrors
  A hill giant (D:11)
  3 orc knights
  A wizard (D:14)
  An orc sorcerer (D:14)
  Maurice (D:13)
  A wandering mushroom (D:14)
  Psyche (D:8)
  4 yaktaurs (D:13)
  2 kobold demonologists (D:12)
  2 trolls
  A two-headed ogre (D:8)
  12 slime creatures
  2 shadows (D:14)
  8 yaks
  3 wraiths
  A vampire mosquito (D:14)
  A deep elf mage (D:13)
  Grum (D:11)
  4 hippogriffs
  2 hungry ghosts
  13 wargs (D:14)
  2 wolves (D:11)
  3 water moccasins
  A soldier ant (shapeshifter) (D:14)
  2 sky beasts
  9 orc warriors
  8 ice beasts
  2 slaves
  10 centaurs
  4 eyes of draining
  4 ogres
  8 big kobolds
  10 giant frogs
  A wyvern skeleton (D:9)
  6 killer bees
  A water moccasin skeleton (D:8)
  3 wights
  7 scorpions
  7 crimson imps
  5 giant frog skeletons
  10 orc priests
  4 iguanas
  11 orc wizards
  A centaur skeleton (D:5)
  A jelly (D:13)
  5 hounds
  10 worker ants
  4 sheep (D:11)
  A hound zombie (D:11)
  2 hound skeletons
  Robin (D:3)
  7 gnolls
  12 adders
  5 shadow imps
  An ooze (D:1)
  4 worms
  3 adder skeletons
  6 giant geckos
  109 orcs
  3 ball pythons
  2 giant cockroaches
  14 goblins
  11 hobgoblins
  11 jackals
  7 quokkas
  8 bats
  2 giant gecko skeletons
  4 giant newts
  29 kobolds
  4 rats
456 creatures vanquished.

Vanquished Creatures (collateral kills)
  Gastronok (D:11)
  Erolcha (D:11)
  A rakshasa (D:14)
  Pikel (D:4)
  A hill giant (D:11)
  A cyclops (D:11)
  The ghost of M4edhros the Covert, a novice OpWn of the Shining One (D:5)
  An ugly thing (D:11)
  A centaur zombie (D:15)
  2 gargoyles
  Joseph (D:7)
  2 kobold demonologists
  4 trolls
  A slime creature (D:12)
  A deep elf mage (D:10)
  A wraith (D:11)
  9 yaks
  A vampire mosquito (D:14)
  A hippogriff (D:12)
  A water moccasin (D:9)
  3 hungry ghosts
  A warg (D:14)
  5 orc warriors
  A slave (D:4)
  3 sky beasts
  A phantom (D:8)
  4 ogres
  A wasp (D:13)
  6 centaurs
  3 big kobolds (D:12)
  A giant frog (D:8)
  5 killer bees
  A scorpion (D:6)
  A crimson imp (D:11)
  A quasit (D:8)
  8 wights
  3 hounds
  A gnoll shaman (D:6)
  A jelly (D:6)
  7 orc wizards
  3 centaur skeletons
  A giant frog skeleton (D:12)
  2 orc priests
  2 worker ants
  2 adders
  6 gnolls
  2 adder skeletons
  8 orcs
  2 kobolds (D:12)
  A quokka (D:6)
119 creatures vanquished.

Vanquished Creatures (others)
  27 wandering mushrooms
  2 necrophages
  A killer bee zombie (D:9)
  An orc (D:5)
  A ballistomycete (D:14)
  2 giant spores
  A plant (D:14)
  410 toadstools
445 creatures vanquished.

Grand Total: 1020 creatures vanquished

Notes
Turn   | Place    | Note
--------------------------------------------------------------
     0 | D:1      | M4edhros the Octopode Wanderer began the quest for the Orb.
     0 | D:1      | M4edhros set off with: a book of Minor Magic, a potion of lignification, a scroll of teleportation, a +0 dagger, a bread ration
     0 | D:1      | Reached XP level 1. HP: 11/11 MP: 6/6
   146 | D:1      | Reached XP level 2. HP: 6/17 MP: 8/8
   643 | D:1      | Gained mutation: You are partially covered in rugged brown scales (AC +1, +3% HP). [potion of mutation]
   643 | D:1      | Gained mutation: You can breathe flames. [potion of mutation]
   643 | D:1      | Gained mutation: You are resistant to electric shocks. [potion of mutation]
   651 | D:1      | Reached XP level 3. HP: 21/21 MP: 9/9
   964 | D:2      | Reached skill level 5 in Stealth
  1493 | D:3      | Reached skill level 6 in Stealth
  1493 | D:3      | Reached XP level 4. HP: 16/27 MP: 11/11
  1518 | D:3      | Found a shattered altar of Ashenzari.
  1518 | D:3      | Found a snail-covered altar of Cheibriados.
  1703 | D:4      | Reached skill level 7 in Stealth
  1753 | D:4      | Found Begebruf's Magic Scroll Shoppe.
  1753 | D:4      | Noticed an ogre
  1764 | D:5      | Entered Level 5 of the Dungeon
  1767 | D:5      | Noticed an ogre
  1786 | D:5      | Killed an ogre
  1786 | D:5      | Reached skill level 8 in Stealth
  1786 | D:5      | Reached XP level 5. HP: 5/31 MP: 12/12
  2136 | D:5      | Noticed a centaur
  2237 | D:5      | Reached XP level 6. HP: 27/37 MP: 13/13
  2556 | D:5      | Killed a centaur
  2556 | D:5      | Reached skill level 9 in Stealth
  2571 | D:5      | Found an opulent altar of Gozag.
  2795 | D:4      | Found a glowing silver altar of Zin.
  2917 | D:4      | Bought a scroll of teleportation for 33 gold pieces
  2937 | D:4      | Killed an ogre
  2937 | D:4      | Reached skill level 10 in Stealth
  2937 | D:4      | Reached XP level 7. HP: 19/42 MP: 14/14
  3143 | D:3      | Reached skill level 1 in Slings
  3408 | D:4      | Noticed a slave
  3436 | D:4      | Found a sacrificial altar of Ru.
  3492 | D:4      | Found a blossoming altar of Fedhas.
  3500 | D:4      | Became a worshipper of Fedhas Madash
  3530 | D:4      | Noticed a slave
  3533 | D:4      | Noticed a slave
  3540 | D:4      | Noticed Pikel
  3542 | D:4      | Killed a slave
  3802 | D:3      | HP: 2/42 [poisoned by an adder]
  3810 | D:3      | HP: 2/42 [poisoned by an adder]
  4046 | D:3      | Noticed Robin
  4099 | D:3      | Killed Robin
  4345 | D:3      | Killed a slave
  4668 | D:3      | Found a faded altar to an unknown god.
  4818 | D:3      | Reached * piety under Fedhas
  5646 | D:2      | Learned a level 3 spell: Mephitic Cloud
  6125 | D:4      | Noticed a slave
  6134 | D:4      | Killed a slave
  6139 | D:4      | Killed Pikel
  6139 | D:4      | Reached skill level 1 in Air Magic
  6139 | D:4      | Reached skill level 1 in Invocations
  6139 | D:4      | Reached XP level 8. HP: 42/47 MP: 14/16
  6390 | D:5      | Noticed M4edhros's ghost (novice OpWn)
  6410 | D:5      | Killed M4edhros's ghost
  6410 | D:5      | Reached skill level 11 in Stealth
  6758 | D:5      | Reached ** piety under Fedhas
  7072 | D:6      | Reached XP level 9. HP: 34/52 MP: 17/17
  7892 | D:7      | Noticed Joseph
  7904 | D:7      | Killed Joseph
  7904 | D:7      | Reached skill level 1 in Dodging
  8375 | D:7      | Found a radiant altar of Vehumet.
  8412 | D:7      | Found a staircase to the Ecumenical Temple.
  8537 | D:8      | Reached skill level 5 in Slings
  8616 | D:8      | Reached *** piety under Fedhas
  8661 | D:8      | Reached XP level 10. HP: 33/57 MP: 19/19
  8895 | D:8      | Reached skill level 5 in Conjurations
  9153 | D:8      | Noticed Psyche
  9238 | D:8      | Killed Psyche
  9776 | D:9      | Found a staircase to the Orcish Mines.
  9797 | D:9      | Reached skill level 5 in Air Magic
  9961 | D:9      | Found a staircase to the Lair.
 10636 | D:10     | Entered Level 10 of the Dungeon
 10821 | D:10     | Reached skill level 1 in Shields
 10872 | D:10     | Reached skill level 12 in Stealth
 10934 | D:10     | Reached **** piety under Fedhas
 11267 | D:10     | Noticed an unseen horror
 11275 | D:10     | Killed an unseen horror
 11300 | D:10     | Reached skill level 1 in Evocations
 11300 | D:10     | Reached XP level 11. HP: 34/62 MP: 20/22
 11586 | D:11     | Noticed Grum
 11597 | D:11     | Killed Grum
 11605 | D:11     | Noticed Gastronok
 11633 | D:11     | Killed Gastronok
 11697 | D:11     | Reached skill level 5 in Invocations
 11880 | D:11     | Noticed a hill giant
 11898 | D:11     | Killed a hill giant
 11975 | D:11     | Gained mutation: Your mind is acute. (Int +2) [mutagenic meat]
 11977 | D:11     | Gained mutation: You are agile. (Dex +2) [mutagenic meat]
 12120 | D:11     | Noticed Erolcha
 12132 | D:11     | Killed Erolcha
 12154 | D:11     | Noticed a hill giant
 12166 | D:11     | Killed a hill giant
 12727 | D:11     | Learned a level 2 spell: Repel Missiles
 12731 | D:11     | Learned a level 3 spell: Conjure Flame
 12860 | D:12     | Found Omikh's Magic Scroll Boutique.
 12887 | D:12     | Reached XP level 12. HP: 48/67 MP: 24/24
 12947 | D:12     | Bought a scroll of blinking for 90 gold pieces
 12947 | D:12     | Bought a scroll of enchant weapon for 90 gold pieces
 13084 | D:12     | Lost mutation: Your mind is acute. (Int +2) [potion of mutation]
 13430 | D:12     | Reached ***** piety under Fedhas
 13859 | D:12     | Reached skill level 5 in Evocations
 14976 | D:13     | Noticed Maurice
 14993 | D:13     | Killed Maurice
 15083 | D:13     | Noticed a centaur warrior
 15088 | D:13     | Killed a centaur warrior
 15230 | D:13     | Reached skill level 13 in Stealth
 15289 | D:13     | Found a gate to the Vaults.
 16148 | D:13     | Reached XP level 13. HP: 41/73 MP: 26/26
 16510 | D:13     | Gained mutation: Your muscles are strong. (Str +2) [potion of mutation]
 16510 | D:13     | Gained mutation: You expend magic power (3 MP) to strengthen your wands. [potion of mutation]
 16510 | D:13     | Lost mutation: Your muscles are strong. (Str +2) [potion of mutation]
 17420 | D:14     | Got a dazzling buckler
 17431 | D:14     | Identified the cursed -5 buckler "Lurph" {Dex+7} (You found it on level 14 of the Dungeon)
 17606 | D:14     | Noticed Snorg
 17873 | D:14     | Gained mutation: You are frail (-10% HP). [mutagenic meat]
 17876 | D:14     | Gained mutation: One of your tentacles bears a spike. [mutagenic meat]
 17898 | D:14     | Killed Snorg
 18005 | D:14     | Reached skill level 5 in Dodging
 19133 | D:14     | Found a shadowy altar of Dithmenos.
 19517 | D:15     | Entered Level 15 of the Dungeon
 19578 | D:15     | Shot with an arrow by a centaur warrior

Action                   |  1- 3 |  4- 6 |  7- 9 | 10-12 | 13-15 || total
-------------------------+-------+-------+-------+-------+-------++-------
Melee: Dagger            |    25 |    26 |   131 |       |       ||   182
       Trident           |       |       |    45 |    12 |       ||    57
       Hunting sling     |       |       |       |     1 |     4 ||     5
 Fire: Hunting sling     |    65 |    53 |   270 |  1279 |   499 ||  2166
 Cast: Repel Missiles    |       |       |       |     1 |     1 ||     2
       Mephitic Cloud    |       |       |       |       |    11 ||    11
       Conjure Flame     |       |       |       |       |     3 ||     3
Invok: Evolution         |       |       |     7 |    18 |     8 ||    33
       Sunlight          |       |       |     1 |     5 |     8 ||    14
       Reproduction      |       |       |       |     1 |     1 ||     2
 Abil: Breathe Fire      |     1 |       |     2 |       |       ||     3
Evoke: Wand              |       |       |       |     7 |     3 ||    10
  Use: Potion            |     5 |     5 |     3 |     3 |     4 ||    20
       Scroll            |     4 |     4 |    10 |    16 |     8 ||    42
 Stab: Sleeping          |     9 |     5 |    23 |       |       ||    37
       Distracted        |       |       |     1 |       |       ||     1
       Paralysed         |       |       |       |    12 |       ||    12
  Eat: Chunk             |     1 |     1 |     5 |     3 |     4 ||    14
       Meat ration       |       |     1 |     3 |     5 |       ||     9
       Bread ration      |       |       |       |       |     2 ||     2
       Beef jerky        |       |       |       |       |     1 ||     1
